 Dungeon Crawl Stone Soup version 0.23.1 (webtiles) character file.

Game seed: 3738373065428604161

3557 Chiseanne the Fighter (level 10, -4/80 HPs)
             Began as a Gnoll Wanderer on Mar 7, 2019.
             Was an Elder of Sif Muna.
             Slain by a gnoll
             ... wielding a +1 vampiric spear
              (5 damage)
             ... on level 8 of the Dungeon.
             The game lasted 00:19:12 (8269 turns).

Chiseanne the Fighter (Gnoll Wanderer)              Turns: 8269, Time: 00:19:13

Health: -4/80      AC: 11    Str: 15    XL:     10   Next: 9%
Magic:  20/20      EV: 12    Int: 16    God:    Sif Muna [****..]
Gold:   173        SH:  0    Dex: 16    Spells: 23/23 levels left

rFire    . . .     SeeInvis .   a - +5 quarterstaff (chaos)
rCold    . . .     Gourm    .   (shield currently unavailable)
rNeg     . . .     Faith    .   F - +2 scale mail {MR+}
rPois    .         Spirit   .   e - +0 helmet
rElec    .         Reflect  .   A - +0 cloak
rCorr    .         Harm     .   (no gloves)
MR       +....                  (no boots)
Stlth    ++........             (no amulet)
HPRegen  0.23/turn              (no ring)
MPRegen  0.17/turn              (no ring)

@: no status effects
A: distributed training, fangs 1, strong nose
a: Divine Energy, Channel Magic, Forget Spell, Renounce Religion


You were on level 8 of the Dungeon.
You worshipped Sif Muna.
Sif Muna was greatly pleased with you.
You were not hungry.

You visited 1 branch of the dungeon, and saw 8 of its levels.
You also visited: Ossuary.

You collected 359 gold pieces.
You spent 186 gold pieces at shops.

Inventory:

Hand Weapons
 a - a +5 quarterstaff of chaos (weapon)
 d - a +0 dagger of venom
 s - a +4 dagger of chaos
 w - the +7 hunting sling of Fituinum {velocity, Int+2}
   (You found it on level 7 of the Dungeon)

   Any stone fired from it inflicts extra damage.
   It affects your intelligence (+2).
 E - a +0 blowgun
Missiles
 h - 208 stones (quivered)
 j - 9 tomahawks
 r - 172 arrows
 t - 3 throwing nets
 u - 41 bolts
 B - 6 sling bullets
Armour
 e - a +0 helmet (worn)
 A - a +0 cloak (worn)
 F - a +2 scale mail of magic resistance (worn)
Wands
 l - a wand of iceblast (9)
 x - a wand of flame (8)
 y - a wand of disintegration (17)
Scrolls
 c - 4 scrolls of teleportation
 g - 2 scrolls of identify
 p - 4 scrolls of remove curse
 D - a scroll of magic mapping
Potions
 b - 5 potions of cancellation
 i - a potion of invisibility
 k - 2 potions of mutation
 m - 2 potions of flight
 n - 5 potions of resistance
 o - 2 potions of heal wounds
 q - 3 potions of haste
 v - 2 potions of might
 z - 2 potions of curing
 C - a potion of agility
Comestibles
 f - 16 rations
 G - 3 chunks of flesh


   Skills:
 + Level 8.2 Fighting
 + Level 4.8 Short Blades
 + Level 4.8 Long Blades
 + Level 4.8 Axes
 + Level 4.8 Maces & Flails
 + Level 4.8 Polearms
 + Level 5.5 Staves
 + Level 4.8 Slings
 + Level 4.8 Bows
 + Level 4.8 Crossbows
 + Level 4.8 Throwing
 + Level 4.8 Armour
 + Level 4.8 Dodging
 + Level 5.4 Stealth
 + Level 6.7 Shields
 + Level 4.8 Unarmed Combat
 + Level 7.0 Spellcasting
 + Level 4.0 Conjurations
 + Level 4.0 Hexes
 + Level 4.0 Charms
 + Level 4.0 Summonings
 + Level 4.0 Necromancy
 + Level 4.0 Translocations
 + Level 4.0 Transmutations
 + Level 4.6 Fire Magic
 + Level 4.0 Ice Magic
 + Level 4.0 Air Magic
 + Level 4.0 Earth Magic
 + Level 4.0 Poison Magic
 + Level 5.3 Invocations
 + Level 4.8 Evocations


You had 23 spell levels left.
You didn't know any spells.
Your spell library contained the following spells:

 Spells                   Type           Power        Failure   Level  Hunger
 Corpse Rot               Necr           N/A          13%         2    None
 Sublimation of Blood     Necr           ###.......   13%         2    None


Dungeon Overview and Level Annotations

Branches:
Dungeon (8/15)             Temple (0/1) D:7
   Lair: D:8-11

Altars:
Dithmenos
Makhleb
Sif Muna
Xom

Shops:
D:4 ?!   D:6 }

Annotations:
D:7 1 runed translucent door, drd's ghost, novice OpFi
D:8 Psyche


Innate Abilities, Weirdness & Mutations

Your experience applies equally to all skills.
You have very sharp teeth.
Your uncanny sense of smell can sniff out nearby items.


Message History

You kill the gnoll sergeant!
Sif Muna accepts your kill.
You can now freely open your mind to new spells.
The gnoll barely misses you.
Things that are here:
a +0 spear; a cursed +0 ring mail; a +0 buckler The gnoll closely misses you.
The gnoll hits you from afar with a +2 halberd of chopping.
The gnoll hits you from afar with a +1 vampiric spear.
The gnoll misses you. The gnoll barely misses you.
You hit the gnoll.
The gnoll is moderately wounded.
The gnoll hits you with a +2 halberd of chopping!
* * * LOW HITPOINT WARNING * * *
x2 The gnoll hits you with a +2 halberd of freezing!
* * * LOW HITPOINT WARNING * * *
The gnoll freezes you.
* * * LOW HITPOINT WARNING * * *
The gnoll hits you with a +1 vampiric spear.
You die...

##########....
#...$.........
#.............
#.............
#........... ....
#.........# ..#
#....gg...# ..#
###@#####.#### #.#
#..g..)....... #.#.#
#.#...###.##..
#.#.#######.###..#
#.#.........# ##....
#.#........#.....#..#
#.#............###....
#.#.............. ...
#.#........#...... .#


You could see 3 gnolls.

Vanquished Creatures
  A two-headed ogre (D:7)
  An orc warrior (D:7)
  2 phantoms
  3 ogres
  2 centaurs
  4 bullfrogs
  2 elf zombies (Ossuary)
  A gnoll sergeant (D:8)
  5 elf skeletons (D:6)
  A scorpion (D:4)
  4 howler monkeys
  4 crimson imps
  A bullfrog zombie (D:5)
  2 hounds (D:5)
  3 human zombies
  A quasit (D:7)
  3 orc priests (D:4)
  6 orc wizards (D:4)
  An iguana (D:4)
  Crazy Yiuf (D:5)
  A human skeleton (D:6)
  11 worker ants
  A killer bee zombie (D:6)
  A hound zombie (D:6)
  2 mummies (Ossuary)
  3 gnolls (D:5)
  8 adders
  2 shadow imps (D:5)
  An adder zombie (D:7)
  An adder skeleton (D:5)
  A dart slug (D:3)
  4 leopard geckos
  21 orcs
  8 bats
  2 giant cockroaches
  4 goblins
  7 hobgoblins
  9 jackals
  3 quokkas
  2 ball pythons
  A frilled lizard (D:1)
  A goblin zombie (Ossuary)
  10 hobgoblin zombies (Ossuary)
  A jackal skeleton (D:4)
  2 jackal zombies (Ossuary)
  5 kobolds
  7 kobold zombies (Ossuary)
  A leopard gecko skeleton (D:4)
  An orc skeleton (D:6)
  13 orc zombies
  A quokka skeleton (D:4)
  9 rats
  2 rat zombies (Ossuary)
194 creatures vanquished.

Vanquished Creatures (collateral kills)
  An elf zombie (Ossuary)
1 creature vanquished.

Grand Total: 195 creatures vanquished

Notes
Turn   | Place    | Note
-------+----------+-------------------------------------------
     0 | D:1      | Chiseanne the Gnoll Wanderer began the quest for the Orb.
     0 | D:1      | Chiseanne set off with the following items: a +2
                  | quarterstaff, a scroll of teleportation, a +0 robe, a
                  | ration; and the following spells available to memorise:
                  | Corpse Rot, Sublimation of Blood
     0 | D:1      | Reached XP level 1. HP: 23/23 MP: 6/6
   231 | D:1      | Reached XP level 2. HP: 28/29 MP: 7/7
   820 | D:2      | Reached XP level 3. HP: 35/35 MP: 9/9
   872 | D:2      | Reached skill level 5 in Spellcasting
   978 | D:2      | Found a deep blue altar of Sif Muna.
  1225 | D:2      | Reached skill level 1 in Invocations
  1400 | D:2      | Became a worshipper of Sif Muna the Loreminder
  1658 | D:3      | Reached skill level 1 in Short Blades
  1658 | D:3      | Reached skill level 1 in Long Blades
  1658 | D:3      | Reached skill level 1 in Axes
  1658 | D:3      | Reached skill level 1 in Maces & Flails
  1658 | D:3      | Reached skill level 1 in Polearms
  1658 | D:3      | Reached skill level 1 in Slings
  1658 | D:3      | Reached skill level 1 in Bows
  1658 | D:3      | Reached skill level 1 in Crossbows
  1658 | D:3      | Reached skill level 1 in Throwing
  1658 | D:3      | Reached skill level 1 in Armour
  1658 | D:3      | Reached skill level 1 in Dodging
  1658 | D:3      | Reached skill level 1 in Unarmed Combat
  1658 | D:3      | Reached skill level 1 in Evocations
  1658 | D:3      | Reached XP level 4. HP: 29/41 MP: 11/11
  1924 | D:3      | Reached skill level 1 in Conjurations
  1924 | D:3      | Reached skill level 1 in Hexes
  1924 | D:3      | Reached skill level 1 in Charms
  1924 | D:3      | Reached skill level 1 in Summonings
  1924 | D:3      | Reached skill level 1 in Necromancy
  1924 | D:3      | Reached skill level 1 in Translocations
  1924 | D:3      | Reached skill level 1 in Transmutations
  1924 | D:3      | Reached skill level 1 in Ice Magic
  1924 | D:3      | Reached skill level 1 in Air Magic
  1924 | D:3      | Reached skill level 1 in Earth Magic
  1924 | D:3      | Reached skill level 1 in Poison Magic
  2224 | D:3      | Reached XP level 5. HP: 33/47 MP: 12/12
  2449 | D:3      | Noticed a phantom
  2476 | D:3      | Killed a phantom
  3099 | D:4      | Found Gidixaypn's Distillery.
  3101 | D:4      | Reached XP level 6. HP: 53/53 MP: 13/13
  3111 | D:4      | Reached * piety under Sif Muna
  3321 | D:4      | Reached skill level 5 in Shields
  3593 | D:4      | Reached XP level 7. HP: 51/59 MP: 15/15
  3600 | D:4      | Reached skill level 7 in Fighting
  4108 | D:4      | Bought a potion of curing for 30 gold pieces
  4108 | D:4      | Bought a potion of heal wounds for 50 gold pieces
  4108 | D:4      | Bought a potion of invisibility for 80 gold pieces
  4207 | D:4      | Found Mono's Magic Scroll Boutique.
  4215 | D:4      | Bought a scroll of identify for 26 gold pieces
  4485 | D:4      | Reached XP level 8. HP: 50/67 MP: 16/16
  4574 | D:4      | Found a shadowy altar of Dithmenos.
  4721 | D:5      | Entered Level 5 of the Dungeon
  4952 | D:5      | Reached ** piety under Sif Muna
  5161 | D:5      | Found a runed translucent door.
  5162 | D:5      | Noticed Crazy Yiuf
  5171 | D:5      | Killed Crazy Yiuf
  5325 | D:5      | Found a burning altar of Makhleb.
  5326 | D:5      | Found a shimmering altar of Xom.
  5906 | D:6      | Found a sand-covered staircase.
  5914 | Ossuary  | Entered an ossuary
  6249 | D:6      | Reached XP level 9. HP: 62/72 MP: 18/18
  6353 | D:6      | Reached *** piety under Sif Muna
  6389 | D:6      | Found Xiweeqin's Gadget Shoppe.
  6770 | D:7      | Found a staircase to the Ecumenical Temple.
  6844 | D:7      | Reached skill level 5 in Staves
  7049 | D:7      | Found a runed translucent door.
  7050 | D:7      | Noticed drd's ghost (novice OpFi)
  7050 | D:7      | Noticed a gargoyle
  7261 | D:8      | Noticed Psyche
  7277 | D:7      | Reached skill level 5 in Stealth
  7452 | D:7      | Got an iridescent hunting sling
  7458 | D:7      | Identified the +7 hunting sling of Fituinum {velocity,
                  | Int+2} (You found it on level 7 of the Dungeon)
  7480 | D:7      | Noticed a two-headed ogre
  7492 | D:7      | Killed a two-headed ogre
  7492 | D:7      | Reached skill level 8 in Fighting
  7492 | D:7      | Reached skill level 5 in Invocations
  7492 | D:7      | Reached XP level 10. HP: 13/80 MP: 20/20
  7876 | D:7      | Reached **** piety under Sif Muna
  8269 | D:8      | HP: 3/80 [gnoll/+2 halberd of freezing (9)]
  8269 | D:8      | HP: 1/80 [gnoll/+2 halberd of freezing (2)]
  8269 | D:8      | Slain by a gnoll

Skill      XL: |  1  2  3  4  5  6  7  8  9 10 |
---------------+-------------------------------+-----
Fire Magic     | 2 3 4 |  4.6
Spellcasting   | 5 6 7 |  7.0
Invocations    | 1 2 3 4 5 |  5.3
Short Blades   | 1 2 3 4 |  4.8
Long Blades    | 1 2 3 4 |  4.8
Axes           | 1 2 3 4 |  4.8
Maces & Flails | 1 2 3 4 |  4.8
Polearms       | 1 2 3 4 |  4.8
Slings         | 1 2 3 4 |  4.8
Bows           | 1 2 3 4 |  4.8
Crossbows      | 1 2 3 4 |  4.8
Throwing       | 1 2 3 4 |  4.8
Armour         | 1 2 3 4 |  4.8
Dodging        | 1 2 3 4 |  4.8
Unarmed Combat | 1 2 3 4 |  4.8
Evocations     | 1 2 3 4 |  4.8
Conjurations   | 1 2 3 4 |  4.0
Hexes          | 1 2 3 4 |  4.0
Charms         | 1 2 3 4 |  4.0
Summonings     | 1 2 3 4 |  4.0
Necromancy     | 1 2 3 4 |  4.0
Translocations | 1 2 3 4 |  4.0
Transmutations | 1 2 3 4 |  4.0
Ice Magic      | 1 2 3 4 |  4.0
Air Magic      | 1 2 3 4 |  4.0
Earth Magic    | 1 2 3 4 |  4.0
Poison Magic   | 1 2 3 4 |  4.0
Staves         | 3 4 5 |  5.5
Stealth        | 3 4 5 |  5.4
Shields        | 5 6 |  6.7
Fighting       | 7 8 |  8.2

Action                   |  1- 3 |  4- 6 |  7- 9 | 10-12 || total
-------------------------+-------+-------+-------+-------++-------
Melee: Quarterstaff      |    46 |   115 |   446 |    27 ||   634
       Bite              |     3 |    11 |    45 |     8 ||    67
 Fire: Hunting sling     |       |       |     3 |       ||     3
Throw: Tomahawk          |       |     4 |       |       ||     4
       Stone             |       |     1 |       |       ||     1
  Use: Scroll            |     2 |     2 |    13 |       ||    17
       Potion            |       |       |     1 |       ||     1
 Stab: Sleeping          |     1 |     2 |     7 |       ||    10
       Confused          |       |       |     2 |     2 ||     4
       Petrifying        |       |       |     1 |       ||     1
       Paralysed         |       |       |     7 |       ||     7
       Petrified         |       |       |     5 |       ||     5
  Eat: Chunk             |     2 |     6 |    15 |     2 ||    25
Armor: Ring mail         |    19 |    64 |   142 |       ||   225
       Robe              |     1 |       |       |       ||     1
       Scale mail        |       |       |    19 |    19 ||    38
Dodge: Dodged            |    24 |    88 |   266 |    27 ||   405
